 Dungeon Crawl Stone Soup version 0.17-a0-910-ga669010 (webtiles) character file.

771 hornqvist the Shield-Bearer (level 8, 0/58 HPs)
             Began as a Formicid Fighter on May 2, 2015.
             Killed by divine providence
             ... invoked by an orc priest
              (12 damage)
             ... on level 4 of the Dungeon.
             The game lasted 00:03:49 (3171 turns).

hornqvist the Shield-Bearer (Formicid Fighter)      Turns: 3171, Time: 00:03:49

Health: 0/58       AC:  8    Str: 23    XL:     8   Next: 9%
Magic:  8/8        EV: 15    Int:  8    God:
Gold:   201        SH: 11    Dex: 15    Spells: 0 memorised, 7 levels left

rFire  . . .     SeeInvis +     a - +0 war axe
rCold  . . .     Clarity  .     b - +0 scale mail
rNeg   . . .     SustAb   .     c - +0 shield
rPois  .         Gourm    .     (helmet unavailable)
rElec  .         Spirit   .     s - +0 cloak
rCorr  .         Warding  .     (no gloves)
rMut   .         Stasis   +     (no boots)
MR     .....                    i - amulet of regeneration
Stlth  +.........               (no ring)
                                (no ring)

@: agile, not resistant to hostile enchantments, very unstealthy
A: permanent stasis, dig shafts and tunnels, four strong arms, antennae 3
a: Dig, Shaft Self


You were on level 4 of the Dungeon.
You were not hungry.

You visited 1 branch of the dungeon, and saw 4 of its levels.

You collected 201 gold pieces.

Inventory:

Hand weapons
 a - a +0 war axe (weapon)
Armour
 b - a +0 scale mail (worn)
 c - a +0 shield (worn)
 s - a +0 cloak (worn)
Jewellery
 i - an amulet of regeneration (around neck)
Scrolls
 g - 5 scrolls of remove curse {unknown}
 j - a scroll of random uselessness {unknown}
 k - 3 scrolls of teleportation {unknown}
 n - 3 scrolls of noise {unknown}
 q - a scroll of immolation {unknown}
 r - a scroll of fear {unknown}
 x - a scroll of blinking {unknown}
 y - a scroll of fog {unknown}
Potions
 d - 2 potions of might
 f - 2 potions of agility
 l - a potion of ambrosia {unknown}
 m - 3 potions of brilliance {unknown}
 o - a potion of magic {unknown}
 p - 2 potions of haste {unknown}
 t - a potion of lignification {unknown}
 u - a potion of beneficial mutation {unknown}
 v - 2 potions of curing {unknown}
 z - a potion of degeneration {unknown}
 B - a potion of poison {unknown}
Comestibles
 e - 2 bread rations
 h - 3 meat rations
 w - 3 fruits
 A - 2 chunks of flesh


   Skills:
 - Level 3.2 Fighting
 * Level 5.5 Axes
 + Level 5.4 Armour
 + Level 3.1 Dodging
 + Level 5.7 Shields


You had 7 spell levels left.
You didn't know any spells.

Dungeon Overview and Level Annotations

Branches:
Dungeon (4/15)
 Temple: D:4-7

Altars:
Cheibriados


Innate Abilities, Weirdness & Mutations

You are under a permanent stasis effect.
You can dig through walls and to a lower floor.
Your four strong arms can wield two-handed weapons with a shield.
You have a pair of large antennae on your head (SInv).


Message History

Your scale mail prevents you from hitting the orc priest.
You hit the orc priest but do no damage.
You hit the orc.
You kill the orc!
You block the orc priest's attack.
The orc priest calls down the wrath of Beogh upon you.
Something smites you!
* * * LOW HITPOINT WARNING * * *
You are too injured to fight recklessly!
You are too injured to fight recklessly!
You take 33 damage, and have 14/58 hp.
MASSIVE DAMAGE!!
You are too injured to fight recklessly!
Drink which item? (? for menu, Esc to quit)
It was a potion of agility.
You feel agile all of a sudden. The orc priest hits you with a club.
* * * LOW HITPOINT WARNING * * *
The orc priest mumbles some strange prayers to Beogh against you.
Something smites you!
You die...

#################################
............[..........(.........
#################################
####################
.......o@..........#
####...)o...######.# #........#
#.# #......### #.######
#......########.......
#...............#####.
#.......#######.##### #.......#
#.......# #...
##.......#####.#.###.#


You could see 2 orc priests.

Vanquished Creatures
  Sigmund (D:3)
  An ogre (D:4)
  The ghost of laxity the Firebug, an average DEFE (D:3)
  A scorpion (D:4)
  A centaur skeleton (D:4)
  An iguana (D:4)
  Jessica (D:2)
  A worker ant (D:4)
  An orc wizard (D:3)
  A hound skeleton (D:4)
  7 gnolls
  7 adders
  2 oozes (D:1)
  2 worms
  4 giant geckos
  15 orcs
  3 ball pythons
  3 giant cockroaches (D:3)
  16 goblins
  12 hobgoblins
  2 jackals (D:1)
  2 quokkas (D:4)
  6 bats
  5 giant newts
  15 kobolds
  14 rats
125 creatures vanquished.

Vanquished Creatures (others)
  A bat (D:4)
1 creature vanquished.

Grand Total: 126 creatures vanquished

Notes
Turn   | Place    | Note
--------------------------------------------------------------
     0 | D:1      | hornqvist, the Formicid Fighter, began the quest for the Orb.
     0 | D:1      | Reached XP level 1. HP: 18/18 MP: 1/1
    97 | D:1      | Reached XP level 2. HP: 13/24 MP: 2/2
   145 | D:1      | Reached XP level 3. HP: 29/29 MP: 3/3
   257 | D:1      | Reached skill level 1 in Dodging
   735 | D:2      | Reached skill level 4 in Armour
   777 | D:2      | Reached XP level 4. HP: 35/35 MP: 4/4
   803 | D:2      | Noticed Jessica
   807 | D:2      | Killed Jessica
   906 | D:2      | Reached XP level 5. HP: 39/41 MP: 5/5
  1330 | D:3      | Noticed laxity's ghost (average DEFE)
  1346 | D:3      | Killed laxity's ghost
  1346 | D:3      | Reached XP level 6. HP: 16/47 MP: 6/6
  1463 | D:3      | Noticed Sigmund
  1480 | D:3      | Killed Sigmund
  1480 | D:3      | Reached skill level 5 in Shields
  1480 | D:3      | Reached XP level 7. HP: 30/52 MP: 7/7
  1647 | D:3      | Reached skill level 5 in Armour
  1735 | D:3      | Found a snail-covered altar of Cheibriados.
  2606 | D:4      | Reached skill level 5 in Axes
  2804 | D:4      | Reached XP level 8. HP: 31/58 MP: 8/8
  3171 | D:4      | Killed from afar by an orc priest

Action                   |  1- 3 |  4- 6 |  7- 9 || total
-------------------------+-------+-------+-------++-------
Melee: War axe           |    98 |   117 |   221 ||   436
  Use: Potion            |       |       |     1 ||     1
  Eat: Chunk             |       |     3 |     8 ||    11
